 Dungeon Crawl Stone Soup version 0.31-a0-851-g7ff8af7976 (webtiles) character file.

Game seed: 9145146376161619568

452 promet the Trooper (level 7, -4/29 (37) HPs)
             Began as a Vine Stalker Fighter on Oct 5, 2023.
             Slain by Duvessa
             ... wielding a +2 rapier of draining
              (6 damage)
             ... on level 5 of the Dungeon.
             The game lasted 00:15:41 (4242 turns).

promet the Trooper (Vine Stalker Fighter)           Turns: 4242, Time: 00:15:42

HP:   -4/29 (37)    AC: 11    Str: 18    XL:     7   Next: 5%
MP:   0/8           EV: 10    Int:  8    God:
Gold: 157           SH:  0    Dex: 22    Spells: 6/6 levels left

rFire   . . .        a - +2 mace (drain)
rCold   . . .        (no shield)
rNeg    . . .        x - +0 scale mail
rPois   .            k - +0 helmet
rElec   .            (no cloak)
rCorr   .            j - +0 pair of gloves
SInv    .            r - +1 pair of boots
Will    .....        o - amulet of the acrobat
Stlth   +            n - +6 ring of dexterity
HPRegen 1.04/turn    (no ring)
MPRegen 0.11/turn

%: acrobat, guardian spirit
@: hasted, heavily drained, very quick
A: fangs 2, regeneration 1, magic shield, antimagic bite, no potion heal 2
a: no special abilities


You were on level 5 of the Dungeon.
You visited 1 branch of the dungeon, and saw 5 of its levels.

You collected 157 gold pieces.

Inventory:

Hand Weapons
 a - a +2 mace of draining (weapon)
 b - a +0 arbalest
 i - a +0 long sword
 l - a +0 spear
 y - a +0 rapier
Missiles
 e - 52 stones
 f - 6 darts of dispersal
 g - 4 poisoned darts (quivered)
 s - 6 boomerangs
Armour
 c - a +0 buckler
 j - a +0 pair of gloves (worn)
 k - a +0 helmet (worn)
 r - a +1 pair of boots (worn)
 x - a +0 scale mail (worn)
Jewellery
 n - a +6 ring of dexterity (left hand)
 o - an amulet of the acrobat (around neck)
 t - a ring of fire
Wands
 z - a wand of paralysis (7)
Scrolls
 h - 2 scrolls of teleportation
 v - a scroll of identify
 w - a scroll of vulnerability
Potions
 d - 2 potions of might
 m - a potion of haste
 p - a potion of cancellation {unknown}
 q - 2 potions of enlightenment {unknown}
 u - a potion of brilliance


   Skills:
 * Level 3.9 Fighting
 + Level 2.1 Long Blades
 + Level 3.2 Maces & Flails
 + Level 0.7 Throwing
 + Level 3.5 Armour
 + Level 1.1 Dodging
 + Level 0.8 Stealth
 + Level 3.5 Shields


You had 6 spell levels left.
You didn't know any spells.
Your spell library contained the following spells:

 Spells                   Type           Power      Damage    Failure   Level
 Apportation              Tloc           0%         N/A       80%         1
 Magic Dart               Conj           0%         1d3       80%         1
 Necrotise                Necr           0%         1d4       80%         1
 Summon Small Mammal      Summ           0%         N/A       80%         1
 Searing Ray              Conj           0%         2d4       90%         2
 Static Discharge         Conj/Air       0%         2-2/arc   90%         2
 Call Canine Familiar     Summ           0%         N/A       99%         3
 Summon Guardian Golem    Hex/Summ       0%         N/A       99%         3
 Airstrike                Air            0%         2d(0-16)  100%        4
 Fulminant Prism          Conj/Hex       0%         3d5       100%        4
 Summon Lightning Spire   Summ/Air       0%         N/A       100%        4


Dungeon Overview and Level Annotations

Branches:
Dungeon (5/15)
 Temple: D:4-7

Altars:

Annotations:
D:5 Duvessa


Innate Abilities, Weirdness & Mutations

You have extremely sharp teeth.
Your natural rate of healing is unusually fast.
When hurt, damage is shared between your health and your magic reserves.
Your bite disrupts and absorbs the magic of your enemies.
Potions cannot restore your health.


Message History

a - a +2 mace of draining (weapon)
Aiming: Paralyse
Press: ? - help, Shift-Dir - straight line, f/p - Duvessa
Aim: Duvessa, wielding a +2 rapier of draining, wearing a +0 chain mail and quivering stones (lightly wounded, chance to affect: 31%) Duvessa easily resists.
You closely miss Duvessa.
Duvessa is lightly wounded.
Duvessa misses you. Dowan hits you but does no damage. Duvessa misses you.
You barely miss Duvessa. Your bite misses Duvessa.
Duvessa is lightly wounded.
Dowan closely misses you.
Duvessa hits you with a +2 rapier of draining!
You feel drained. Dowan hits you with a +0 dagger.
You barely miss Duvessa. You bite Duvessa, but do no damage.
Duvessa is lightly wounded.
Duvessa hits you but does no damage.
You feel drained. Dowan closely misses you.
You hit Dowan.
Dowan is severely wounded.
Duvessa hits you with a +2 rapier of draining.
You feel drained. Dowan hits you but does no damage.
You hit Dowan but do no damage. You bite Dowan.
Dowan's magic leaks into the air.
You drain his magic.
You feel invigorated.
Dowan is severely wounded.
Duvessa closely misses you. Dowan hits you with a +0 dagger.
Duvessa says, "My weaknesses are his strengths!"
Duvessa hits you with a +2 rapier of draining!
You feel drained.
You feel yourself speed up. Dowan hits you with a +0 dagger.
* * * LOW HITPOINT WARNING * * *
Duvessa hits you with a +2 rapier of draining!
* * * LOW HITPOINT WARNING * * *
You feel drained.
* * * LOW HITPOINT WARNING * * *
You hit Dowan. You bite Dowan.
You kill Dowan!
Duvessa weeps, and shakes her weapon.
Duvessa goes berserk!
Duvessa hits you with a +2 rapier of draining!
You die...

#........#
#........#......
##.......#......
#........#....#
#......###....#
##.....###....#
#....>........#
#..)..........#
#.@e......$...#
##...####+##..#
##### .# .. ..
.. .


You could see Duvessa (berserk).

Vanquished Creatures
  An ogre (D:5)
  A phantom (D:4)
  A scorpion (D:5)
  Dowan (D:5)
  2 hounds
  A jelly (D:3)
  2 adders
  5 worms
  2 dart slugs
  4 orcs (D:3)
  11 ball pythons
  12 endoplasms
  4 giant cockroaches
  8 goblins
  10 hobgoblins
  2 jackals (D:1)
  2 quokkas
  6 bats
  7 frilled lizards
  12 kobolds
  8 rats
102 creatures vanquished.

Notes
Turn   | Place    | Note
-------+----------+-------------------------------------------
     0 | D:1      | promet the Vine Stalker Fighter began the quest for the
                  | Orb.
     0 | D:1      | Reached XP level 1. HP: 11/11 MP: 2/2
   335 | D:1      | Reached XP level 2. HP: 16/16 MP: 3/3
   939 | D:1      | Reached XP level 3. HP: 20/20 MP: 4/4
  1601 | D:2      | Reached XP level 4. HP: 24/24 MP: 3/5
  1890 | D:2      | Found a faded altar of an unknown god.
  2590 | D:3      | Reached skill level 1 in Maces & Flails
  2590 | D:3      | Reached XP level 5. HP: 28/28 MP: 6/6
  3101 | D:4      | Noticed a phantom
  3111 | D:4      | Killed a phantom
  3112 | D:4      | Reached skill level 1 in Dodging
  3112 | D:4      | Reached XP level 6. HP: 27/33 MP: 4/7
  3678 | D:5      | Entered Level 5 of the Dungeon
  3758 | D:5      | Noticed a water moccasin
  3779 | D:5      | Noticed Duvessa
  3779 | D:5      | Noticed Dowan
  3825 | D:5      | Noticed an ice beast
  3881 | D:5      | Reached XP level 7. HP: 35/37 MP: 8/8
  4241 | D:5      | HP: 1/29 [Duvessa/+2 rapier of draining (1)]
  4242 | D:5      | Killed Dowan
  4242 | D:5      | Slain by Duvessa

Illustrated notes

Levels and vault maps discovered:
D:1:      heliophobic_arrival_battle_scene, layout_basic, minmay_heptomino_d4
D:2:      layout_loops_corners, hellmonk_ecumenical_altar_slurped_away
D:3:      layout_basic, chequers_garden, st_stairs_6, minmay_divided_ellipse
D:4:      layout_loops_ring, chequers_serial_rivers_micro_d
D:5:      layout_gridville, mainiacjoe_overflow_alcove_4, uniq_duvessa,
          uniq_prince_ribbit1

Skill      XL: |  1  2  3  4  5  6 |
---------------+-------------------+-----
Shields        | 3 |  3.5
Fighting       | 3 |  3.9
Long Blades    | 2 |  2.1
Maces & Flails | 1 2 3 |  3.2
Armour         | 3 |  3.5
Dodging        | 1 |  1.1
Throwing       | |  0.7
Stealth        | |  0.8

Action                     |  1- 3 |  4- 6 |  7- 9 || total
---------------------------+-------+-------+-------++-------
  Melee: Long sword        |    37 |       |       ||    37
         Bite              |    13 |    35 |     3 ||    51
         Mace              |    54 |   124 |     6 ||   184
         Punch             |       |     1 |       ||     1
   Fire: Arbalest          |       |       |     4 ||     4
  Throw: Boomerang         |       |     9 |       ||     9
  Evoke: Wand              |       |       |     1 ||     1
    Use: Scroll            |     4 |     8 |       ||    12
         Potion            |       |     3 |     1 ||     4
 Armour: Scale mail        |    58 |    71 |    16 ||   145
  Dodge: Dodged            |    47 |    89 |     5 ||   141
  Block: Buckler           |    24 |    26 |       ||    50

Table legend: (Time is in decaauts)
 A = Elapsed time spent in this place.
 B = Non-inter-level travel time spent in this place.
 C = Inter-level travel time spent in this place.
 D = Time resting spent in this place.
 E = Time spent auto-exploring this place.
 F = Levels seen in this place.
 G = Mean time per level.
                   A        B        C        D        E       F      G
               +--------+--------+--------+--------+--------+-----+--------+
         Total |   4308 |   4237 |     71 |    798 |   1710 |   5 |  861.6 |
       Dungeon |   4308 |   4237 |     71 |    798 |   1710 |   5 |  861.6 |
               +--------+--------+--------+--------+--------+-----+--------+

Top non-repeatable levels by time:
     D:1: 1228 daAuts
     D:2: 986 daAuts
     D:3: 830 daAuts
     D:4: 688 daAuts
     D:5: 574 daAuts
